Map: Coda LE (Void)

Players

RaXXeS

  • Race: Protoss Protoss

Bop - Winner!

  • Race: Zerg Zerg

VOD

Have the link to the VOD?

Description

Time

  • Played on: May 6, 2015, 2:52 a.m.
  • Length: 11:00
Show
View Real Time Build Order
Export as new Build Order

RaXXeS Protoss 

Build Orders: 1 Gate Expand, Adept Opening, Oracle Opening, Zealot Disruptor 

Get SALT Encoding   

  12  0:02  Probe  
  13  0:17  Pylon  
  13  0:18  Probe  
  14  0:35  Probe (Chrono Boost)  
  15  0:45  Probe (Chrono Boost)  
  16  0:50  Gateway  
  16  0:52  Probe  
  17  1:04  Probe (Chrono Boost)  
  18  1:13  Pylon  
  18  1:14  Probe (Chrono Boost)  
  19  1:34  Nexus  
  19  1:38  Assimilator  
  19  1:42  Assimilator  
  19  1:43  Cybernetics Core  
  19  1:49  Probe (Chrono Boost)  
  20  1:58  Probe (Chrono Boost)  
  20  1:59  Pylon  
  21  2:20  Adept (Chrono Boost)  
  21  2:22  Warp Gate (Chrono Boost)  
  23  2:24  Probe  
  24  2:35  Gateway  
  24  2:40  Gateway  
  24  2:41  Adept  
  26  2:46  Probe x2  
  28  3:01  Probe  
  28  3:02  Probe, Stargate  
  30  3:06  Adept  
  30  3:16  Probe x2  
  34  3:28  Adept  
  34  3:29  Adept  
  34  3:33  Mothership Core  
  40  3:37  Probe  
  41  3:54  Oracle  
  44  3:57  Assimilator  
  44  4:00  Pylon  
  44  4:02  Assimilator  
  44  4:04  Pylon  
  44  4:18  Probe x2  
  46  4:26  Robotics Facility  
  46  4:30  Probe x2  
  48  4:42  Probe x2  
  50  4:54  Probe  
  51  5:14  Void Ray (Chrono Boost)  
  52  5:22  Probe x2  
  54  5:34  Probe x2  
  50  5:46  Probe  
  50  5:47  Probe  
  48  5:51  Observer (Chrono Boost)  
  49  5:59  Probe x2  
  49  6:02  Forge  
  51  6:05  Adept x2, Observer (Chrono Boost)  
  51  6:06  Adept  
  51  6:09  Gateway x2  
  51  6:11  Probe x2 (Chrono Boost), Pylon  
  60  6:24  Pylon  
  60  6:25  Pylon  
  60  6:27  Pylon  
  60  6:30  Probe (Chrono Boost), Robotics Bay  
  60  6:31  Probe (Chrono Boost)  
  62  6:37  Immortal (Chrono Boost)  
  62  6:39  Probe x2, Protoss Ground Weapons Level 1 (Chrono Boost)  
  67  7:00  Nexus  
  59  7:03  Void Ray (Chrono Boost)  
  63  7:28  Warp Prism (Chrono Boost)  
  64  7:43  Void Ray (Chrono Boost)  
  68  7:47  Probe  
  69  7:59  Probe  
  70  8:12  Probe  
  75  8:16  Pylon x2  
  75  8:17  Pylon  
  75  8:18  Disruptor (Chrono Boost)  
  75  8:24  Probe  
  76  8:36  Probe (Chrono Boost)  
  78  8:42  Probe (Chrono Boost)  
  78  8:43  Protoss Ground Armor Level 1 (Chrono Boost)  
  78  8:46  Probe (Chrono Boost)  
  78  8:47  Twilight Council  
  79  8:49  Adept x4  
  79  8:50  Probe (Chrono Boost), Adept  
  79  8:53  Probe  
  91  9:00  Probe  
  96  9:08  Disruptor (Chrono Boost)  
  96  9:13  Zealot  
  96  9:14  Zealot x4  
  96  9:16  Disruptor x2  
  106  9:22  Probe x2  
  108  9:30  Forge  
  108  9:37  Colossus (Chrono Boost)  
  87  9:56  Adept x4  
  87  9:57  Adept  
  81  10:28  Adept x2  
  81  10:29  Adept  
  87  10:36  Gateway  
  87  10:37  Gateway  
  87  10:39  Pylon  
Show
View Real Time Build Order
Export as new Build Order

Bop Zerg - Winner!

Build Orders: Hatch First 

Get SALT Encoding   

  12  0:01  Drone  
  13  0:12  Overlord  
  13  0:19  Drone  
  14  0:31  Drone x2  
  14  0:35  Drone  
  17  0:55  Hatchery  
  16  0:59  Drone  
  17  1:08  Drone  
  17  1:09  Extractor  
  17  1:17  Spawning Pool  
  16  1:20  Drone  
  16  1:24  Drone  
  18  1:41  Drone x2  
  20  1:50  Overlord  
  20  2:05  Queen  
  20  2:07  Zergling x4  
  24  2:14  Metabolic Boost  
  24  2:19  Queen  
  26  2:28  Drone x2  
  28  2:32  Drone x2  
  30  2:37  Drone  
  31  2:45  Drone x2  
  33  2:57  Lair, Queen  
  35  3:01  Drone  
  35  3:04  Overlord  
  36  3:25  Drone x8  
  44  3:29  Overlord  
  44  3:39  Overlord  
  44  3:41  Queen, Extractor x2  
  43  3:51  Drone x3  
  43  3:52  Drone x3  
  49  3:58  Queen  
  49  4:02  Infestation Pit  
  50  4:05  Zergling x4  
  52  4:10  Zergling x4  
  52  4:11  Zergling x2  
  52  4:13  Drone x2  
  57  4:20  Burrow  
  57  4:30  Overseer  
  57  4:33  Overlord x2  
  60  4:58  Spore Crawler  
  60  4:59  Spore Crawler  
  54  5:05  Drone x7  
  61  5:42  Drone x3  
  61  5:44  Zergling x2  
  61  5:45  Zergling x2  
  60  5:52  Hive  
  60  6:07  Drone x5  
  60  6:11  Hydralisk Den  
  64  6:16  Overlord  
  64  6:17  Drone  
  64  6:18  Drone x2  
  67  6:26  Overlord  
  67  6:33  Lurker Den  
  67  6:41  Overlord  
  67  6:49  Overlord  
  67  6:51  Drone x6, Extractor  
  81  7:13  Overlord  
  80  7:18  Hydralisk x2  
  84  7:33  Zergling x12  
  84  7:34  Zergling x6  
  93  7:45  Overlord x2  
  93  7:46  Ultralisk Cavern  
  92  7:52  Adrenal Glands  
  92  7:55  Overlord  
  92  8:08  Hydralisk x3  
  98  8:13  Queen x2  
  98  8:14  Overlord  
  102  8:25  Overseer  
  102  8:30  Zergling x16  
  110  8:35  Overlord  
  110  8:54  Hydralisk  
  110  8:55  Hydralisk x3  
  118  8:57  Lurker  
  119  9:17  Hatchery  
  117  9:25  Ultralisk  
  117  9:30  Drone x6  
  117  9:31  Drone  
  110  9:57  Zergling x16  
  113  10:08  Queen x2  
  114  10:16  Ultralisk  
  113  10:29  Zergling x2  
  113  10:30  Zergling x10  
Tags
 
Add a new tag
Caveats
  • Supply blocks, unpowered buildings, or Contaminate may cause inaccurate times.
  • Supply counts are checked every 10 seconds.